 Dungeon Crawl Stone Soup version 0.24-a0-516-g9de272b (webtiles) character file.

Game seed: 3558585492083917209

151 silentkaos13 the Shield-Bearer (level 5, -1/47 HPs)
             Began as a Hill Orc Fighter on July 21, 2019.
             Was an Initiate of Beogh.
             Succumbed to a scorpion's poison
             ... on level 4 of the Dungeon.
             The game lasted 00:06:48 (3250 turns).

silentkaos13 the Shield-Bearer (Hill Orc Fighter)   Turns: 3250, Time: 00:06:49

Health: -1/47      AC:  7    Str: 20    XL:     5   Next: 33%
Magic:  5/5        EV:  7    Int:  8    God:    Beogh [......]
Gold:   196        SH:  9    Dex: 10    Spells: 4/4 levels left

rFire    . . .     SeeInvis .   a - +0 flail
rCold    . . .     Gourm    .   c - +0 shield
rNeg     . . .     Faith    .   b - +0 scale mail
rPois    .         Spirit   .   (no helmet)
rElec    .         Reflect  .   (no cloak)
rCorr    .         Harm     .   (no gloves)
MR       .....                  (no boots)
Stlth    ..........             (no amulet)
HPRegen  0.15/turn              (no ring)
MPRegen  0.09/turn              (no ring)

@: lethally poisoned (-1 -> -11)
A: no striking features
a: Renounce Religion


You were on level 4 of the Dungeon.
You worshipped Beogh.
Beogh was noncommittal.
You were not hungry.

You visited 1 branch of the dungeon, and saw 4 of its levels.

You collected 196 gold pieces.

Inventory:

Hand Weapons
 a - a +0 flail (weapon)
Armour
 b - a +0 scale mail (worn)
 c - a +0 shield (worn)
 j - a +0 pair of gloves
Jewellery
 h - an uncursed ring of protection from cold {unknown}
Wands
 m - a wand of polymorph (10)
Scrolls
 e - 3 scrolls of magic mapping {unknown}
 g - 6 scrolls of identify {unknown}
 i - a scroll of noise {unknown}
 k - a scroll of fear {unknown}
 l - a scroll of immolation {unknown}
 o - a scroll of amnesia {unknown}
 p - a scroll of remove curse {unknown}
 q - 3 scrolls of blinking {unknown}
Potions
 d - a potion of might
Comestibles
 f - 4 rations


   Skills:
 + Level 4.3 Fighting
 + Level 3.6 Maces & Flails
 + Level 3.9 Armour
 + Level 0.7 Dodging
 + Level 4.4 Shields


You had 4 spell levels left.
You didn't know any spells.
Your spell library was empty.

Dungeon Overview and Level Annotations

Branches:
Dungeon (4/15)             Temple (0/1) D:4

Altars:
Sif Muna


Message History

* * * LOW HITPOINT WARNING * * *
You hit the scorpion.
The scorpion is lightly wounded.
The scorpion stings you but does no damage.
You hit the scorpion.
The scorpion is lightly wounded.
The scorpion barely misses you.
You thump the scorpion!
The scorpion is severely wounded.
The scorpion barely misses you.
Your shield and scale mail prevent you from hitting the scorpion.
The scorpion is severely wounded.
The scorpion stings you.
* * * LOW HITPOINT WARNING * * *
You are lethally poisoned!
The scorpion poisons you! The scorpion stings you.
* * * LOW HITPOINT WARNING * * *
Your shield and scale mail prevent you from hitting the scorpion.
The scorpion is severely wounded.
You die...

#...#.#...>...#.####
#...#...............
#...#.#.......#......
#.......o..).........
#.....#s#.#.#.#.####+
#......o.o..........
####....####o#######
###### #s# #@#
##+#######
#.######........#
#######...............#
..........###.........#
..........# #.........#
..........#
##........##
..........# #..........
..........# #..........
..........# #########..


You could see a scorpion and an orc priest.

Vanquished Creatures
  3 adders
  2 worms (D:2)
  A dart slug (D:1)
  3 leopard geckos
  9 orcs
  5 bats
  17 giant cockroaches
  7 goblins
  11 hobgoblins
  8 jackals
  3 quokkas
  3 ball pythons
  3 frilled lizards (D:2)
  9 kobolds
  9 rats
93 creatures vanquished.

Notes
Turn   | Place    | Note
-------+----------+-------------------------------------------
     0 | D:1      | silentkaos13 the Hill Orc Fighter began the quest for the
                  | Orb.
     0 | D:1      | Reached XP level 1. HP: 19/19 MP: 1/1
   178 | D:1      | Reached XP level 2. HP: 21/27 MP: 2/2
   591 | D:1      | Reached XP level 3. HP: 16/33 MP: 3/3
  1377 | D:2      | Reached XP level 4. HP: 34/40 MP: 4/4
  1502 | D:2      | HP: 1/40 [worm (4)]
  2172 | D:2      | Found a deep blue altar of Sif Muna.
  2456 | D:3      | Reached XP level 5. HP: 45/46 MP: 5/5
  2640 | D:3      | Became a worshipper of Beogh the Brigand
  3173 | D:4      | Found a staircase to the Ecumenical Temple.
  3249 | D:4      | HP: 2/47 [scorpion (5)]
  3250 | D:4      | Succumbed to a scorpion's poison

Levels and vault maps discovered:
D:1:      dpeg_arrival_ternary, layout_loops_ring, serial_forest,
          infiniplex_forest_corner_1, infiniplex_forest_clump_curved,
          infiniplex_forest_clump_curved, infiniplex_forest_lined_corner,
          infiniplex_forest_diagonal, infiniplex_forest_straight_3,
          solitary_fountain, minmay_misc_feat_diagonals
D:2:      layout_basic, lemuel_blue_sif_altar, guppyfry_early_orc_mine
D:3:      minmay_roachtagon, layout_loops_ring, dk_noncrumbling_3
D:4:      layout_basic, minmay_temple_entry_glass

Skill      XL: |  1  2  3  4 |
---------------+-------------+-----
Fighting       | 4 |  4.3
Maces & Flails | 3 |  3.6
Shields        | 4 |  4.4
Armour         | |  3.9
Dodging        | |  0.7

Action                   |  1- 3 |  4- 6 || total
-------------------------+-------+-------++-------
Melee: Flail             |   161 |   199 ||   360
Invok: Convert to Beogh  |       |     1 ||     1
  Use: Potion            |       |     1 ||     1
  Eat: Chunk             |     2 |     6 ||     8
Armor: Scale mail        |    72 |    97 ||   169
Dodge: Dodged            |    55 |    67 ||   122
Block: Shield            |    97 |   128 ||   225

Table legend:
 A = Non-vault XP
 B = Vault XP
 C = Vault XP percentage of total XP
 D = Non-vault monster count
 E = Vault monster count
 F = Vault count percentage of total count
                 A         B        C        D         E       F
            +---------+---------+-------+---------+---------+-------
      Total |     178 |      38 |  17.6 |      75 |      18 |  19.4
            +---------+---------+-------+---------+---------+-------
        D:1 |      45 |       0 |   0.0 |      24 |       0 |   0.0
        D:2 |      81 |      16 |  16.5 |      31 |       7 |  18.4
        D:3 |      33 |      22 |  40.0 |      13 |      11 |  45.8
        D:4 |      19 |       0 |   0.0 |       7 |       0 |   0.0
            +---------+---------+-------+---------+---------+-------
